NCAA
CINCINNATI BEARCATS @ LOUISVILLE CARDINALS
05/11/2030
 
TOP OF THE 1ST
Cincinnati Bearcats batting - Pitching for Louisville Cardinals : LHP Norberto Mendoza
Pitching: LHP Norberto Mendoza
Batting: RHB Dale Castro 0-0: Foul Ball, location: 2F
0-1: Ball
1-1: Ball
2-1: Ball
3-1: Base on Balls
Batting: RHB Scott Snider 0-0: Ball
1-0: Called Strike
1-1: Called Strike
1-2: Strikes out swinging
Batting: RHB Ron McClain 0-0: Ball
1-0: Called Strike
1-1: Ball
2-1: Called Strike
2-2: Foul Ball, location: 2F
2-2: Strikes out swinging
Batting: RHB John Ward 0-0: Ball
1-0: Ball
2-0: Swinging Strike
2-1: Foul Ball, location: 2F
2-2: Strikes out looking
Top of the 1st over - 0 runs, 0 hits, 0 errors, 1 left on base; Cincinnati 0 - Louisville 0
BOTTOM OF THE 1ST
Louisville Cardinals batting - Pitching for Cincinnati Bearcats : RHP Ray Miller
Pitching: RHP Ray Miller
Batting: RHB Troy Legge 0-0: Ball
1-0: Foul Ball, location: 2F
1-1: SOLO HOME RUN (Line Drive, 9D), Distance : 347 ft
Batting: RHB Curt Matthews 0-0: Ball
1-0: Ground out 6-3 (Groundball, 6S)
Batting: RHB Roberto Peña 0-0: Swinging Strike
0-1: Ball
1-1: Swinging Strike
1-2: Foul Ball, location: 2F
1-2: SOLO HOME RUN (Flyball, 89XD), Distance : 389 ft
Batting: LHB Miguel Rodríguez 0-0: Swinging Strike
0-1: Ball
1-1: Foul Ball, location: 2F
1-2: Strikes out looking
Batting: LHB Pat Belrio 0-0: Ball
1-0: Ball
2-0: Fly out, F8 (Line Drive, 8LM)
Bottom of the 1st over - 2 runs, 2 hits, 0 errors, 0 left on base; Cincinnati 0 - Louisville 2
TOP OF THE 2ND
Cincinnati Bearcats batting - Pitching for Louisville Cardinals : LHP Norberto Mendoza
Batting: RHB Craig Porter 0-0: Foul Ball, location: 2F
0-1: Called Strike
0-2: Fly out, F7 (Flyball, 78M)
Batting: LHB Carter Coleman 0-0: Ball
1-0: Ball
2-0: Called Strike
2-1: Ball
3-1: Called Strike
3-2: Base on Balls
Batting: RHB Brendan Myers 0-0: Fly out, F8 (Flyball, 8RM)
Batting: RHB Ken Adams 0-0: Ball
1-0: Called Strike
1-1: Ground out U3 (Groundball, 3L)
Top of the 2nd over - 0 runs, 0 hits, 0 errors, 1 left on base; Cincinnati 0 - Louisville 2
BOTTOM OF THE 2ND
Louisville Cardinals batting - Pitching for Cincinnati Bearcats : RHP Ray Miller
Batting: LHB Francisco Aguilera 0-0: Ball
1-0: Called Strike
1-1: Ball
2-1: Swinging Strike
2-2: Foul Ball, location: 2F
2-2: Ball
3-2: Base on Balls
Batting: SHB Andrés Sandoval 0-0: Called Strike
0-1: Ball
1-1: Swinging Strike
1-2: Ground out 4-3 (Groundball, 4MS)
Francisco Aguilera to second
Batting: LHB Stephen Johnston 0-0: Swinging Strike
0-1: Ground out 4-3 (Groundball, 4)
Francisco Aguilera to third
Batting: LHB Aaron Ford 0-0: Ball
1-0: Called Strike
1-1: Ball
2-1: Swinging Strike
2-2: Foul Ball, location: 2F
2-2: Ball
3-2: Foul Ball, location: 2F
3-2: Foul Ball, location: 2F
3-2: Fly out, F9 (Flyball, 9LS)
Bottom of the 2nd over - 0 runs, 0 hits, 0 errors, 1 left on base; Cincinnati 0 - Louisville 2
TOP OF THE 3RD
Cincinnati Bearcats batting - Pitching for Louisville Cardinals : LHP Norberto Mendoza
Batting: LHB Greg Jeffreys 0-0: Ball
1-0: Swinging Strike
1-1: Called Strike
1-2: Foul Ball, location: 2F
1-2: Fly out, F8 (Flyball, 8RD)
Batting: RHB Dale Castro 0-0: Ball
1-0: Foul Ball, location: 2F
1-1: SOLO HOME RUN (Flyball, 7LD), Distance : 320 ft
Batting: RHB Scott Snider 0-0: Ball
1-0: Called Strike
1-1: Fly out, F8 (Flyball, 8LXD)
Batting: RHB Ron McClain 0-0: Called Strike
0-1: Foul Ball, location: 2F
0-2: Ball
1-2: Strikes out looking
Top of the 3rd over - 1 run, 1 hit, 0 errors, 0 left on base; Cincinnati 1 - Louisville 2
BOTTOM OF THE 3RD
Louisville Cardinals batting - Pitching for Cincinnati Bearcats : RHP Ray Miller
Batting: RHB Troy Legge 0-0: Foul Ball, location: 2F
0-1: Ball
1-1: Called Strike
1-2: Strikes out swinging
Batting: RHB Curt Matthews 0-0: Called Strike
0-1: Foul Ball, location: 2F
0-2: Ball
1-2: Ground out 4-3 (Groundball, 4)
Batting: RHB Roberto Peña 0-0: SINGLE (Groundball, 4S) (infield hit)
Batting: LHB Miguel Rodríguez 0-0: Swinging Strike
0-1: Swinging Strike
0-2: Strikes out swinging
Bottom of the 3rd over - 0 runs, 1 hit, 0 errors, 1 left on base; Cincinnati 1 - Louisville 2
TOP OF THE 4TH
Cincinnati Bearcats batting - Pitching for Louisville Cardinals : LHP Norberto Mendoza
Batting: RHB John Ward 0-0: Ball
1-0: Fly out, F8 (Flyball, 8LXD)
Batting: RHB Craig Porter 0-0: Ball
1-0: Ground out 5-3 (Groundball, 56)
Batting: LHB Carter Coleman 0-0: Foul Ball, location: 2F
0-1: Ball
1-1: Ball
2-1: Foul Ball, location: 2F
2-2: Foul Ball, location: 2F
2-2: Ball
3-2: Strikes out swinging
Top of the 4th over - 0 runs, 0 hits, 0 errors, 0 left on base; Cincinnati 1 - Louisville 2
BOTTOM OF THE 4TH
Louisville Cardinals batting - Pitching for Cincinnati Bearcats : RHP Ray Miller
Batting: LHB Pat Belrio 0-0: Ball
1-0: Called Strike
1-1: Ball
2-1: Foul Ball, location: 2F
2-2: Foul Ball, location: 2F
2-2: Fly out, F4 (Flyball, 4D)
Batting: LHB Francisco Aguilera 0-0: Ball
1-0: DOUBLE (Line Drive, 89D)
Batting: SHB Andrés Sandoval 0-0: Called Strike
0-1: Hit by Pitch
Batting: LHB Stephen Johnston 0-0: Ball
1-0: Ball
2-0: Foul Ball, location: 2F
2-1: Foul Ball, location: 2F
2-2: SINGLE (Line Drive, 5L)
Francisco Aguilera to third
Andrés Sandoval to second
Runner from 3rd tries for Home, SAFE, no throw
Batting: LHB Aaron Ford 0-0: Swinging Strike
0-1: Swinging Strike
0-2: Strikes out looking
Batting: RHB Troy Legge 0-0: Ball
1-0: Called Strike
1-1: Foul Ball, location: 2F
1-2: Ground out 4-3 (Groundball, 4)
Bottom of the 4th over - 1 run, 2 hits, 0 errors, 2 left on base; Cincinnati 1 - Louisville 3
TOP OF THE 5TH
Cincinnati Bearcats batting - Pitching for Louisville Cardinals : LHP Norberto Mendoza
Batting: RHB Brendan Myers 0-0: Ball
1-0: Called Strike
1-1: Ball
2-1: Ball
3-1: SOLO HOME RUN (Flyball, 8LXD), Distance : 386 ft
Batting: RHB Ken Adams 0-0: Called Strike
0-1: SINGLE (Groundball, 3D)
Batting: LHB Greg Jeffreys 0-0: Ball
1-0: Ball
2-0: Called Strike
Ken Adams steals 2nd base
2-1: Ball
3-1: Foul Ball, location: 2F
3-2: Strikes out swinging
Batting: RHB Dale Castro 0-0: Fly out, F6 (Flyball, 56D)
Batting: RHB Scott Snider 0-0: Ball
1-0: Ball
2-0: Called Strike
2-1: Ground out 4-3 (Groundball, 4)
Top of the 5th over - 1 run, 2 hits, 0 errors, 1 left on base; Cincinnati 2 - Louisville 3
BOTTOM OF THE 5TH
Louisville Cardinals batting - Pitching for Cincinnati Bearcats : RHP Ray Miller
Batting: RHB Curt Matthews 0-0: Ball
1-0: Called Strike
1-1: Foul Ball, location: 2F
1-2: SINGLE (Groundball, 4MD)
Batting: RHB Roberto Peña 0-0: Called Strike
0-1: Called Strike
0-2: Ball
1-2: Ball
2-2: Strikes out looking
Pitching: RHP Michael Knight
Batting: LHB Miguel Rodríguez 0-0: Ball
1-0: Ball
2-0: Ball
3-0: Called Strike
3-1: Foul Ball, location: 2F
3-2: Base on Balls
Curt Matthews to second
Batting: LHB Pat Belrio 0-0: Ball
1-0: Foul Ball, location: 2F
1-1: Ball
2-1: Ball
3-1: Grounds into double play, 6-4-3 (Groundball, 6)
Bottom of the 5th over - 0 runs, 1 hit, 0 errors, 1 left on base; Cincinnati 2 - Louisville 3
TOP OF THE 6TH
Cincinnati Bearcats batting - Pitching for Louisville Cardinals : LHP Norberto Mendoza
Batting: RHB Ron McClain 0-0: Ball
1-0: Swinging Strike
1-1: Fly out, F8 (Line Drive, 8RD)
Pitching: RHP Bill Cooper
Batting: RHB John Ward 0-0: Fly out, F4 (Line Drive, 34)
Batting: RHB Craig Porter 0-0: Ball
1-0: Fly out, F9 (Flyball, 9)
Top of the 6th over - 0 runs, 0 hits, 0 errors, 0 left on base; Cincinnati 2 - Louisville 3
BOTTOM OF THE 6TH
Louisville Cardinals batting - Pitching for Cincinnati Bearcats : RHP Michael Knight
Batting: LHB Francisco Aguilera 0-0: Ball
1-0: Foul Ball, location: 2F
1-1: Foul Ball, location: 2F
1-2: Ball
2-2: Ball
3-2: Ground out U3 (Groundball, 34S)
Batting: SHB Andrés Sandoval 0-0: Called Strike
0-1: Ball
1-1: Swinging Strike
1-2: Foul Ball, location: 2F
1-2: Ground out 6-3 (Groundball, 6M)
Batting: LHB Stephen Johnston 0-0: Called Strike
0-1: Ground out 6-3 (Groundball, 6)
Bottom of the 6th over - 0 runs, 0 hits, 0 errors, 0 left on base; Cincinnati 2 - Louisville 3
TOP OF THE 7TH
Cincinnati Bearcats batting - Pitching for Louisville Cardinals : RHP Bill Cooper
Batting: LHB Carter Coleman 0-0: Called Strike
0-1: Foul Ball, location: 2F
0-2: Ball
1-2: DOUBLE (Flyball, 89D)
Pinch Hitting: RHB Peter Jones 0-0: Called Strike
0-1: Foul Ball, location: 2F
0-2: Ball
1-2: Foul Ball, location: 2F
1-2: Ball
2-2: Foul Ball, location: 2F
2-2: Foul Ball, location: 2F
2-2: Strikes out swinging, 2-3 out at first.
Batting: RHB Ken Adams 0-0: Called Strike
0-1: Ball
1-1: Foul Ball, location: 2F
1-2: Ball
2-2: Strikes out looking
Batting: LHB Greg Jeffreys 0-0: Ball
1-0: Swinging Strike
1-1: Swinging Strike
1-2: Foul Ball, location: 2F
1-2: Ball
2-2: Foul Ball, location: 2F
2-2: DOUBLE (Flyball, 89D)
Carter Coleman scores
Batting: RHB Dale Castro 0-0: Ball
1-0: Ball
2-0: Ball
3-0: Base on Balls
Pinch Runner at 2nd Bob Castro:
Batting: RHB Scott Snider 0-0: Fly out, F7 (Flyball, 7D)
Top of the 7th over - 1 run, 2 hits, 0 errors, 2 left on base; Cincinnati 3 - Louisville 3
BOTTOM OF THE 7TH
Louisville Cardinals batting - Pitching for Cincinnati Bearcats : RHP Michael Knight
Now at SS: Bob Castro
Now in RF: Peter Jones
Pinch Hitting: RHB Edison Knight 0-0: Foul Ball, location: 2F
0-1: Ball
1-1: Ball
2-1: Foul Ball, location: 2F
2-2: Ball
3-2: Foul Ball, location: 2F
3-2: Foul Ball, location: 2F
3-2: SINGLE (Line Drive, 89S)
Batting: RHB Troy Legge 0-0: Ball
1-0: Ball
2-0: Bunted foul
2-1: Bunted foul
2-2: Strikes out swinging
Batting: RHB Curt Matthews 0-0: Ball
Edison Knight is caught stealing 2nd base
1-0: Called Strike
1-1: Called Strike
1-2: Strikes out looking
Bottom of the 7th over - 0 runs, 1 hit, 0 errors, 0 left on base; Cincinnati 3 - Louisville 3
TOP OF THE 8TH
Cincinnati Bearcats batting - Pitching for Louisville Cardinals : RHP Bill Cooper
Now in CF: Edison Knight
Batting: RHB Ron McClain 0-0: Ball
1-0: Foul Ball, location: 2F
1-1: SOLO HOME RUN (Flyball, 7LD), Distance : 335 ft
Pitching: RHP José Pérez
Batting: RHB John Ward 0-0: Called Strike
0-1: Ball
1-1: Called Strike
1-2: Strikes out swinging, 2-3 out at first.
Batting: RHB Craig Porter 0-0: Ball
1-0: Called Strike
1-1: Foul Ball, location: 2F
1-2: Foul Ball, location: 2F
1-2: Strikes out swinging
Batting: LHB Carter Coleman 0-0: Foul Ball, location: 2F
0-1: Ball
1-1: Fly out, F8 (Flyball, 8RD)
Top of the 8th over - 1 run, 1 hit, 0 errors, 0 left on base; Cincinnati 4 - Louisville 3
BOTTOM OF THE 8TH
Louisville Cardinals batting - Pitching for Cincinnati Bearcats : RHP Michael Knight
Batting: RHB Roberto Peña 0-0: Called Strike
0-1: Ball
1-1: Called Strike
1-2: Ball
2-2: Fly out, F3 (Popup, 3SF)
Batting: LHB Miguel Rodríguez 0-0: Ball
1-0: Foul Ball, location: 2F
1-1: Swinging Strike
1-2: Fly out, F7 (Flyball, 7)
Batting: LHB Pat Belrio 0-0: Ball
1-0: Ball
2-0: Called Strike
2-1: Ground out 6-3 (Groundball, 6)
Bottom of the 8th over - 0 runs, 0 hits, 0 errors, 0 left on base; Cincinnati 4 - Louisville 3
TOP OF THE 9TH
Cincinnati Bearcats batting - Pitching for Louisville Cardinals : RHP José Pérez
Batting: RHB Peter Jones 0-0: Called Strike
0-1: Fly out, F6 (Popup, 6MD)
Batting: RHB Ken Adams 0-0: Ball
1-0: Swinging Strike
1-1: Ball
2-1: TRIPLE (Flyball, 9D)
Batting: SHB Bob Castro 0-0: Ball
1-0: Ball
2-0: Ball
3-0: Called Strike
3-1: Swinging Strike
3-2: Base on Balls
Batting: RHB Dale Castro 0-0: Foul Ball, location: 2F
0-1: Ball
1-1: Ball
2-1: Ball
3-1: Swinging Strike
3-2: Strikes out swinging
Batting: RHB Scott Snider 0-0: Ball
1-0: Ball
2-0: Called Strike
2-1: DOUBLE (Line Drive, 89M)
Ken Adams scores
Bob Castro to third
Batting: RHB Ron McClain 0-0: Ball
1-0: Ball
2-0: Ball
3-0: Base on Balls
Batting: RHB John Ward 0-0: Swinging Strike
0-1: Ball
1-1: Swinging Strike
1-2: Strikes out swinging
Top of the 9th over - 1 run, 2 hits, 0 errors, 3 left on base; Cincinnati 5 - Louisville 3
BOTTOM OF THE 9TH
Louisville Cardinals batting - Pitching for Cincinnati Bearcats : RHP Michael Knight
Pitching: RHP Frank Scott
Batting: LHB Francisco Aguilera 0-0: Called Strike
0-1: Ball
1-1: Swinging Strike
1-2: SINGLE (Groundball, 34D)
Batting: SHB Andrés Sandoval 0-0: Ball
1-0: Foul Ball, location: 2F
1-1: Ball
2-1: Fly out, F7 (Flyball, 7)
Batting: LHB Stephen Johnston 0-0: Called Strike
0-1: Foul Ball, location: 2F
0-2: Ball
1-2: Foul Ball, location: 2F
1-2: Ball
Wild Pitch!
Francisco Aguilera to second
2-2: Foul Ball, location: 2F
2-2: Strikes out swinging
Batting: RHB Edison Knight 0-0: Swinging Strike
0-1: Ball
1-1: Called Strike
1-2: Foul Ball, location: 2F
1-2: Strikes out looking
Bottom of the 9th over - 0 runs, 1 hit, 0 errors, 1 left on base; Cincinnati 5 - Louisville 3
Saturday, April 7th, 2018 - OOTP Baseball 18.8 Build 76